 Dungeon Crawl Stone Soup version 0.28.0-47-ge53b351184 (webtiles) character file.

Game seed: 8603656262545126292

1919 H0rd4k the Cudgeller (level 9, 0/102 HPs)
             Began as a Human Artificer on May 10, 2022.
             Was an Initiate of Gozag.
             Succumbed to a water moccasin's poison
             ... on level 6 of the Dungeon.
             The game lasted 00:07:22 (9981 turns).

H0rd4k the Cudgeller (Human Artificer)              Turns: 9981, Time: 00:07:22

Health: 0/102      AC: 24    Str: 10 (12) XL:     9   Next: 39%
Magic:  9/9        EV:  2    Int: 13 (16) God:    Gozag
Gold:   363        SH:  0    Dex: 13 (14) Spells: 8/8 levels left

rFire   x . .      SeeInvis .   i - +1 whip (venom)
rCold   + + .      Faith    .   (no shield)
rNeg    . . .      Spirit   .   (armour currently unavailable)
rPois   +          Reflect  .   (helmet currently unavailable)
rElec   .          Harm     .   (cloak currently unavailable)
rCorr   .          Rampage  .   (gloves currently unavailable)
Will    .....      NoTele   +   (boots currently unavailable)
Stlth   ++........              (no amulet)
HPRegen 0.27/turn               m - ring of ice
MPRegen 0.11/turn               g - ring of protection from cold

@: brilliant, lethally poisoned (0 -> -8), tree-form, gold aura, invisible
A: stationary, stasis, torment immunity, boosted hp
a: Renounce Religion, Potion Petition, Call Merchant, Bribe Branch


You were on level 6 of the Dungeon.
You worshipped Gozag.
Gozag was aware of your devotion.
You were a tree.
You visited 2 branches of the dungeon, and saw 7 of its levels.

You collected 455 gold pieces.
You paid 92 gold pieces to Gozag.

Inventory:

Hand Weapons
 a - a +0 club
 i - a +1 whip of venom (weapon)
Armour
 b - a +0 leather armour (melded)
Magical Staves
 k - a staff of earth
Jewellery
 g - a ring of protection from cold (right branch)
 m - a ring of ice (left branch)
 y - an amulet of the acrobat
Wands
 c - a wand of flame (50) (quivered)
 d - a wand of charming (7)
 o - a wand of iceblast (15)
Scrolls
 f - 4 scrolls of identify {unknown}
 j - a scroll of fog {unknown}
 l - 2 scrolls of fear {unknown}
 n - a scroll of enchant armour {unknown}
 r - a scroll of noise {unknown}
 s - a scroll of teleportation {unknown}
 x - a scroll of enchant weapon {unknown}
Potions
 h - 2 potions of lignification
 v - a potion of attraction {unknown}
 w - a potion of magic {unknown}
Miscellaneous
 e - a piece from Xom's chessboard (15/15)


   Skills:
 + Level 5.5 Fighting
 + Level 7.4 Maces & Flails
 - Level 3.5 Armour
 + Level 4.4 Dodging
 - Level 3.5 Stealth
 + Level 4.1 Evocations


You had 8 spell levels left.
You didn't know any spells.
Your spell library contained the following spells:

 Spells                   Type           Power      Damage    Failure   Level
 Animate Skeleton         Necr           0%         N/A       30%         1
 Beastly Appendage        Tmut           0%         N/A       30%         1
 Freeze                   Ice            0%         1d3       30%         1
 Pain                     Necr           0%         1d4       30%         1
 Wereblood                Tmut           0%         N/A       43%         2
 Frozen Ramparts          Ice            0%         1d2       67%         3
 Gell's Gravitas          Tloc           0%         N/A       67%         3
 Spider Form              Tmut/Pois      0%         N/A       67%         3
 Teleport Other           Tloc           0%         N/A       67%         3
 Vampiric Draining        Necr           0%         2d6       67%         3
 Hailstorm                Conj/Ice       0%         3d3       97%         4
 Dispersal                Tloc           0%         N/A       100%        6


Dungeon Overview and Level Annotations

Branches:
Dungeon (6/15)             Temple (1/1) D:5

Altars:
Ashenzari
Cheibriados
Dithmenos
Elyvilon
Fedhas
Gozag
Hepliaklqana
Kikubaaqudgha
Makhleb
Nemelex Xobeh
Okawaru
Qazlal
Ru
Uskayaw
Vehumet
Wu Jian
Xom
Yredelemnul
Zin
The Shining One

Shops:
D:2 *

Annotations:
D:1 exclusion: downstairs
D:2 exclusion: 2 downstairs
D:4 exclusion: upstairs
D:5 exclusion: downstairs


Message History

* * * LOW HITPOINT WARNING * * *
You are lethally poisoned!
The water moccasin poisons you!
You hit the water moccasin.
The water moccasin is almost dead.
* * * LOW HITPOINT WARNING * * *
You feel very sick.
The water moccasin bites you but does no damage.
You hit the water moccasin.
The water moccasin is almost dead.
* * * LOW HITPOINT WARNING * * *
You feel very sick. The water moccasin bites you.
* * * LOW HITPOINT WARNING * * *
You are more poisoned.
The water moccasin poisons you!
It was a potion of lignification.
You turn into a tree.
Your +0 leather armour melds into your body.
Your roots penetrate the ground.
* * * LOW HITPOINT WARNING * * *
You feel very sick.
The water moccasin bites you but does no damage. x2
You hit the water moccasin.
You kill the water moccasin!
* * * LOW HITPOINT WARNING * * *
You feel very sick.
Your life force feels restored.
It was a potion of brilliance.
You feel clever all of a sudden.
* * * LOW HITPOINT WARNING * * *
You feel very sick.
It was a potion of degeneration.
There was something very wrong with that liquid.
You feel weakened.
You feel dopey.
You feel clumsy.
* * * LOW HITPOINT WARNING * * *
You feel sick.
It was a potion of invisibility.
You fade into invisibility!
You die...
Your body crumbles into a pile of gold.

#.............................
##.########........)..........
#.# #................... #.#
#.......)########### #.#
#........# # #)# #........# #
#)# ###........########### #)#
#....$.....##...#...## #)#
#....♣#######._.#...## #)#
#.....# #...#...## #.# #.....#
##.##...#. #.#
#.....########§#....#. #.#
####........##.#....#.
#.#########........##.#....##
#..................'.......'.
###########........####....##
#........# #....#


There were no monsters in sight!

Vanquished Creatures
  Eustachio (D:6)
  2 water moccasins (D:6)
  A black bear (D:5)
  A necrophage (D:4)
  A sky beast (D:5)
  3 ogres
  2 phantoms
  A kobold brigand (D:6)
  3 bullfrogs
  Blork the orc (D:4)
  A howler monkey (D:5)
  4 hounds
  3 jellies
  2 iguanas
  Ijyb (D:4)
  A howler monkey zombie (D:6)
  Robin (D:3)
  4 adders
  2 gnolls (D:4)
  A white imp (D:5)
  An ufetubus (D:5)
  An adder skeleton (D:5)
  3 worms
  2 dart slugs
  8 orcs
  6 bats
  4 endoplasms
  2 giant cockroaches (D:1)
  14 goblins
  9 hobgoblins
  11 kobolds
  2 quokkas (D:4)
  7 ball pythons
  4 frilled lizards
  6 rats
116 creatures vanquished.

Vanquished Creatures (collateral kills)
  A bullfrog zombie (D:6)
  A gnoll shaman (D:4)
  2 orcs (D:6)
4 creatures vanquished.

Vanquished Creatures (others)
  2 wights (D:3)
  2 gnolls (D:4)
  A quokka (D:4)
5 creatures vanquished.

Grand Total: 125 creatures vanquished

Notes
Turn   | Place    | Note
-------+----------+-------------------------------------------
     0 | D:1      | H0rd4k the Human Artificer began the quest for the Orb.
     0 | D:1      | Reached XP level 1. HP: 15/15 MP: 1/1
   363 | D:1      | Reached XP level 2. HP: 21/21 MP: 2/2
   903 | D:1      | Reached XP level 3. HP: 26/26 MP: 3/3
  1185 | D:2      | Found Ular's Assorted Antiques.
  1557 | D:2      | Reached skill level 1 in Maces & Flails
  2091 | D:2      | Found a faded altar of an unknown god.
  3089 | D:2      | Reached XP level 4. HP: 20/32 MP: 4/4
  3243 | D:3      | Noticed Robin
  3553 | D:3      | Killed Robin
  4282 | D:4      | Noticed an ogre
  4300 | D:4      | Killed an ogre
  4301 | D:4      | Reached skill level 2 in Maces & Flails
  4301 | D:4      | Reached XP level 5. HP: 18/38 MP: 5/5
  4475 | D:4      | Found a hide-covered altar of Uskayaw.
  4521 | D:4      | Reached XP level 6. HP: 36/45 MP: 6/6
  4684 | D:4      | Noticed Blork the orc
  4701 | D:4      | Killed Blork the orc
  4702 | D:4      | Reached skill level 3 in Maces & Flails
  4814 | D:4      | Found a white marble altar of Elyvilon.
  4829 | D:4      | Noticed a necrophage
  4851 | D:4      | Killed a necrophage
  5022 | D:4      | Reached XP level 7. HP: 41/51 MP: 7/7
  5454 | D:4      | Reached skill level 4 in Maces & Flails
  5881 | D:4      | Noticed Ijyb
  5897 | D:4      | Killed Ijyb
  6199 | D:5      | Entered Level 5 of the Dungeon
  6605 | D:5      | Found a broken altar of Ashenzari.
  6800 | D:5      | Found a staircase to the Ecumenical Temple.
  6924 | Temple   | Entered the Ecumenical Temple
  7074 | D:5      | Reached XP level 8. HP: 26/58 MP: 8/8
  7293 | D:5      | Reached skill level 5 in Maces & Flails
  8219 | D:6      | Found an opulent altar of Gozag.
  8227 | D:6      | Became a worshipper of Gozag Ym Sagoz the Greedy
  8376 | D:6      | Noticed Eustachio
  8619 | D:6      | Killed Eustachio
  8620 | D:6      | Reached skill level 6 in Maces & Flails
  9100 | D:6      | Reached XP level 9. HP: 66/66 MP: 9/9
  9112 | D:6      | Found a radiant altar of Vehumet.
  9266 | D:6      | Found a hazy altar of Hepliaklqana.
  9634 | D:6      | Reached skill level 7 in Maces & Flails
  9645 | D:6      | Reached skill level 5 in Fighting
  9979 | D:6      | HP: 4/102 [poisoned by a water moccasin]
  9981 | D:6      | Succumbed to a water moccasin's poison

Illustrated notes

Levels and vault maps discovered:
D:1:      dpeg_arrival_renting, layout_basic
D:2:      layout_basic, serial_shops, shop,
          shapermc_ecumenical_altar_mp_highgroup, guppyfry_early_lair_pool
D:3:      cheibrodos_pilgrimage, layout_basic, minmay_misc_feat_nine_boxes,
          uniq_robin
D:4:      layout_loops_corners, amcnicky_altar_gilded, elyvilon_altar_4,
          grunt_ministairs_2, uniq_ijyb, uniq_blork_the_orc
D:5:      layout_loops_cross, ashenzari_conservatory_becter,
          minmay_temple_entry_enclosed_plants, hangedman_decor_peaks_small
D:6:      layout_basic, mainiacjoe_overflow_24_doors,
          mainiacjoe_overflow_catwalk, nzn_hepliaklqana_mist_gate,
          grunt_ministairs_3, uniq_eustachio
Temple:   zaba_magenta_temple

Skill      XL: |  1  2  3  4  5  6  7  8  9 |
---------------+----------------------------+-----
Maces & Flails | 1 2 3 4 6 7 |  7.4
Fighting       | 2 3 4 5 |  5.5
Stealth        | 2 3 |  3.5
Armour         | 3 |  3.5
Dodging        | 2 3 4 |  4.4
Evocations     | 4 |  4.1

Action                   |  1- 3 |  4- 6 |  7- 9 || total
-------------------------+-------+-------+-------++-------
Melee: Club              |   132 |       |       ||   132
       Punch             |     2 |     2 |     4 ||     8
       Whip              |    10 |   113 |   299 ||   422
Evoke: Wand              |     3 |     4 |     5 ||    12
  Use: Potion            |       |       |     6 ||     6
 Stab: Sleeping          |     3 |     1 |     5 ||     9
       Distracted        |       |     1 |     3 ||     4
Armor: Leather armour    |    44 |    20 |    32 ||    96
       Skin              |       |       |     2 ||     2
Dodge: Dodged            |   101 |    60 |   159 ||   320
